General information
- name: BNet
- type: Ladder team game (AT/RT)
- host: Battle.net
- saver: OldScratch
map: FullScaleAssault
- players: 8
- length: 73:38
- speed: Fast
- version: 1.26 W3XP
- replay type: Public
» download(352 KB)
Players
team 1 (loser)
Trovao (
green | 30 APM | 2187 actions | 73:32)
8 Demon Hunter
3 Immolation
3 Evasion
1 Metamorphosis
1 Mana Burn
1 Paladin
1 Holy Light
» actions
| Assign group hotkey | 45 | |
| Basic commands | 130 | |
| Build / train | 96 | |
| ESC pressed | 10 | |
| Enter build submenu | 37 | |
| Enter hero's abilities submenu | 9 | |
| Give item / drop item | 1 | |
| Remove unit from queue | 2 | |
| Right click | 919 | |
| Select / deselect | 378 | |
| Select group hotkey | 450 | |
| Use ability | 110 | |
2187 total
» units
| Wisp | 33 | |
| Archer | 7 | |
| Chimaera | 30 | |
| Goblin Zeppelin | 4 | |
74 total
» upgrades
» buildings
| Altar of Elders | 2 | |
| Moon Well | 12 | |
| Ancient of War | 2 | |
| Tree of Ages | 6 | |
| Hunter's Hall | 1 | |
| Tree of Eternity | 2 | |
| Ancient of Wind | 3 | |
| Chimaera Roost | 6 | |
| Tree of Life | 4 | |
| Ancient of Wonders | 1 | |
39 total
» build order
00:10 Altar of Elders
00:14 Moon Well
01:10 Ancient of War
01:42 Moon Well
02:05 Ancient of War
02:37 Moon Well
03:42 Tree of Ages
04:10 Hunter's Hall
05:45 Moon Well
06:08 Tree of Eternity
06:31 Ancient of Wind
07:28 Moon Well
08:38 Chimaera Roost
08:43 Chimaera Roost
11:05 Chimaera Roost
13:12 Moon Well
14:27 Moon Well
31:53 Tree of Life
42:11 Altar of Elders
42:16 Moon Well
43:59 Tree of Life
44:31 Tree of Ages
44:31 Tree of Ages
44:32 Tree of Ages
44:32 Tree of Ages
44:48 Moon Well
45:33 Tree of Life
47:14 Tree of Eternity
47:46 Ancient of Wind
49:43 Chimaera Roost
49:53 Chimaera Roost
50:01 Chimaera Roost
51:08 Moon Well
53:23 Moon Well
54:15 Moon Well
54:59 Ancient of Wonders
55:15 Ancient of Wind
68:49 Tree of Life
» items
ExitMusic (
red | 41 APM | 1320 actions | 32:19)
4 Archmage
1 Summon Water Elemental
2 Blizzard
1 Brilliance Aura
3 Paladin
1 Holy Light
1 Divine Shield
1 Devotion Aura
» actions
| Assign group hotkey | 27 | |
| Build / train | 122 | |
| Enter build submenu | 29 | |
| Enter hero's abilities submenu | 7 | |
| Give item / drop item | 1 | |
| Right click | 351 | |
| Select / deselect | 459 | |
| Select group hotkey | 206 | |
| Use ability | 118 | |
1320 total
» units
| Peasant | 40 | |
| Footman | 8 | |
| Goblin Shredder | 3 | |
| Goblin Zeppelin | 7 | |
| Siege Engine | 7 | |
| Mortar Team | 7 | |
| Knight | 2 | |
| Gryphon Rider | 4 | |
78 total
» upgrades
| Masonry | 3 | |
| Gunpowder | 3 | |
| Plating | 3 | |
| Barrage | 1 | |
| Lumber Harvesting | 1 | |
| Animal War Training | 1 | |
| Fragmentation Shards | 1 | |
| Armor | 3 | |
| Swords | 3 | |
| Storm Hammers | 1 | |
20 total
» buildings
| Farm | 15 | |
| Barracks | 2 | |
| Altar of Kings | 2 | |
| Arcane Vault | 1 | |
| Lumber Mill | 2 | |
| Town Hall | 3 | |
| Blacksmith | 1 | |
| Keep | 1 | |
| Castle | 1 | |
| Workshop | 6 | |
| Scout Tower | 35 | |
| Guard Tower | 10 | |
| Gryphon Aviary | 3 | |
| Arcane Sanctum | 1 | |
83 total
» build order
00:42 Farm
00:55 Barracks
01:08 Barracks
01:24 Altar of Kings
01:41 Farm
01:42 Farm
01:43 Farm
02:13 Arcane Vault
03:48 Farm
04:00 Lumber Mill
05:53 Town Hall
06:02 Blacksmith
06:05 Keep
08:07 Farm
08:07 Farm
08:08 Farm
08:40 Town Hall
09:12 Castle
09:24 Workshop
09:25 Workshop
09:28 Workshop
09:31 Workshop
09:33 Workshop
09:34 Workshop
10:10 Scout Tower
10:11 Scout Tower
12:09 Scout Tower
12:10 Scout Tower
12:11 Scout Tower
12:12 Scout Tower
12:15 Scout Tower
12:16 Scout Tower
12:20 Scout Tower
12:20 Scout Tower
12:44 Guard Tower
13:26 Guard Tower
14:19 Guard Tower
15:35 Scout Tower
15:35 Scout Tower
15:36 Scout Tower
15:37 Scout Tower
15:38 Scout Tower
15:42 Scout Tower
15:43 Scout Tower
15:44 Scout Tower
15:44 Scout Tower
16:32 Guard Tower
17:06 Guard Tower
18:02 Guard Tower
18:28 Guard Tower
19:08 Gryphon Aviary
19:09 Gryphon Aviary
19:10 Gryphon Aviary
20:23 Arcane Sanctum
20:51 Guard Tower
21:23 Scout Tower
21:24 Scout Tower
21:25 Scout Tower
22:59 Guard Tower
24:52 Farm
24:53 Farm
24:55 Farm
24:56 Farm
24:57 Farm
24:58 Farm
24:59 Farm
25:18 Scout Tower
25:19 Scout Tower
25:20 Scout Tower
25:22 Scout Tower
25:22 Scout Tower
26:45 Altar of Kings
28:46 Lumber Mill
30:41 Guard Tower
31:13 Scout Tower
31:13 Scout Tower
31:14 Scout Tower
31:15 Scout Tower
31:16 Scout Tower
31:17 Scout Tower
31:18 Scout Tower
31:18 Scout Tower
31:48 Town Hall
» items

»
evilspitfire (
orange | 21 APM | 1551 actions | 73:27)
9 Blademaster
2 Wind Walk
3 Critical Strike
3 Mirror Image
1 Bladestorm
5 Pit Lord
3 Rain of Fire
2 Cleaving Attack
» actions
| Basic commands | 6 | |
| Build / train | 119 | |
| Enter build submenu | 38 | |
| Enter hero's abilities submenu | 14 | |
| Right click | 818 | |
| Select / deselect | 438 | |
| Use ability | 118 | |
1551 total
» units
| Peon | 24 | |
| Grunt | 5 | |
| Tauren | 25 | |
| Troll Witch Doctor | 20 | |
| Demolisher | 5 | |
| Troll Headhunter/Berserker | 8 | |
| Goblin Shredder | 1 | |
| Goblin Zeppelin | 1 | |
89 total
» upgrades
| Witch Doctor Training | 2 | |
| Melee Weapons | 3 | |
| Pulverize | 1 | |
| Armor | 2 | |
| Burning Oil | 1 | |
| Berserker Upgrade | 1 | |
| Troll Regeneration | 1 | |
| Ranged Weapons | 1 | |
12 total
» buildings
| Orc Burrow | 7 | |
| Altar of Storms | 1 | |
| Barracks | 3 | |
| War Mill | 1 | |
| Stronghold | 1 | |
| Fortress | 1 | |
| Great Hall | 5 | |
| Spirit Lodge | 1 | |
| Tauren Totem | 2 | |
| Watch Tower | 12 | |
| Beastiary | 1 | |
| Voodoo Lounge | 1 | |
36 total
» build order
00:39 Orc Burrow
00:54 Altar of Storms
01:09 Orc Burrow
01:24 Barracks
01:41 War Mill
02:29 Orc Burrow
03:05 Stronghold
03:57 Orc Burrow
05:27 Fortress
07:16 Great Hall
07:23 Spirit Lodge
08:44 Great Hall
09:22 Tauren Totem
09:26 Tauren Totem
09:35 Orc Burrow
12:18 Watch Tower
12:26 Great Hall
13:04 Orc Burrow
14:40 Watch Tower
14:46 Great Hall
15:21 Watch Tower
17:53 Watch Tower
17:58 Watch Tower
19:37 Watch Tower
19:42 Watch Tower
20:51 Watch Tower
20:58 Watch Tower
24:33 Orc Burrow
46:58 Great Hall
50:15 Watch Tower
50:25 Watch Tower
50:28 Watch Tower
51:31 Barracks
54:01 Barracks
69:55 Beastiary
71:30 Voodoo Lounge

»
prezobama (
yellow | 45 APM | 3320 actions | 73:32)
8 Death Knight
3 Death Coil
3 Unholy Aura
1 Animate Dead
1 Death Pact
9 Crypt Lord
2 Impale
3 Spiked Carapace
1 Locust Swarm
3 Carrion Beetles
6 Dreadlord
2 Sleep
3 Vampiric Aura
1 Inferno
1 Archmage
1 Brilliance Aura
» actions
| Assign group hotkey | 106 | |
| Basic commands | 479 | |
| Build / train | 152 | |
| Enter build submenu | 34 | |
| Enter hero's abilities submenu | 24 | |
| Right click | 547 | |
| Select / deselect | 551 | |
| Select group hotkey | 1225 | |
| Use ability | 202 | |
3320 total
» units
| Acolyte | 32 | |
| Ghoul | 2 | |
| Crypt Fiend | 39 | |
| Gargoyle | 3 | |
| Obsidian Statue | 2 | |
| Abomination | 13 | |
| Blue Dragon Whelp | 2 | |
| Blue Drake | 1 | |
| Blue Dragon | 1 | |
| Frost Wyrm | 11 | |
106 total
» upgrades
| Creature Attack | 3 | |
| Web | 1 | |
| Creature Carapace | 3 | |
| Unholy Strength | 1 | |
| Unholy Armor | 1 | |
| Freezing Breath | 1 | |
10 total
» buildings
| Altar of Darkness | 1 | |
| Crypt | 1 | |
| Ziggurat | 12 | |
| Graveyard | 1 | |
| Tomb of Relics | 1 | |
| Halls of the Dead | 1 | |
| Sacrificial Pit | 1 | |
| Spirit Tower | 3 | |
| Nerubian Tower | 2 | |
| Black Citadel | 1 | |
| Slaughterhouse | 1 | |
| Boneyard | 1 | |
| Necropolis | 1 | |
27 total
» build order
00:09 Altar of Darkness
00:13 Crypt
00:18 Ziggurat
01:05 Graveyard
01:41 Ziggurat
02:24 Tomb of Relics
04:00 Ziggurat
05:27 Halls of the Dead
09:57 Ziggurat
10:07 Ziggurat
10:11 Ziggurat
10:26 Ziggurat
12:24 Sacrificial Pit
13:03 Spirit Tower
13:05 Nerubian Tower
14:46 Spirit Tower
16:58 Black Citadel
17:06 Slaughterhouse
17:09 Ziggurat
17:12 Ziggurat
18:04 Ziggurat
18:07 Ziggurat
24:56 Spirit Tower
27:39 Nerubian Tower
29:46 Boneyard
37:13 Ziggurat
48:07 Necropolis
» items
team 2 (winner)
OldScratch (
purple | 72 APM | 5321 actions | 73:32)
10 Blood Mage
3 Flame Strike
3 Siphon Mana
1 Summon Phoenix
3 Banish
» actions
| Assign group hotkey | 119 | |
| Basic commands | 34 | |
| Build / train | 159 | |
| Enter build submenu | 87 | |
| Enter hero's abilities submenu | 10 | |
| Give item / drop item | 8 | |
| Right click | 2576 | |
| Select / deselect | 907 | |
| Select group hotkey | 1048 | |
| Use ability | 373 | |
5321 total
» units
| Peasant | 22 | |
| Footman | 9 | |
| Goblin Shredder | 2 | |
| Sorceress | 3 | |
| Goblin Zeppelin | 5 | |
| Flying Machine | 8 | |
| Blue Dragon | 3 | |
| Dragonhawk Rider | 1 | |
| Gryphon Rider | 9 | |
| Goblin Sapper | 3 | |
65 total
» upgrades
| Masonry | 3 | |
| Lumber Harvesting | 2 | |
| Gunpowder | 3 | |
| Plating | 3 | |
| Sorceress Training | 2 | |
| Magic Sentry | 1 | |
| Animal War Training | 1 | |
| Swords | 3 | |
| Armor | 3 | |
| Flak Cannons | 1 | |
| Flying Machine Bombs | 1 | |
| Storm Hammers | 1 | |
24 total
» buildings
| Altar of Kings | 1 | |
| Barracks | 1 | |
| Farm | 15 | |
| Scout Tower | 104 | |
| Arcane Tower | 1 | |
| Town Hall | 5 | |
| Arcane Vault | 1 | |
| Lumber Mill | 1 | |
| Keep | 1 | |
| Guard Tower | 20 | |
| Blacksmith | 2 | |
| Castle | 1 | |
| Arcane Sanctum | 1 | |
| Workshop | 6 | |
| Altar of Elders | 1 | |
| Moon Well | 9 | |
| Gryphon Aviary | 4 | |
174 total
» build order
00:38 Altar of Kings
00:40 Barracks
00:55 Farm
01:05 Farm
01:06 Farm
01:24 Scout Tower
02:07 Arcane Tower
02:17 Farm
03:57 Town Hall
04:04 Arcane Vault
04:42 Lumber Mill
05:52 Keep
05:58 Scout Tower
05:59 Scout Tower
05:59 Scout Tower
06:00 Scout Tower
06:00 Scout Tower
07:06 Guard Tower
07:11 Scout Tower
07:11 Scout Tower
07:11 Scout Tower
07:12 Scout Tower
07:15 Scout Tower
07:25 Blacksmith
07:27 Blacksmith
08:28 Castle
08:30 Arcane Sanctum
08:52 Guard Tower
08:59 Farm
09:01 Scout Tower
09:02 Scout Tower
13:58 Scout Tower
13:58 Scout Tower
13:58 Scout Tower
13:59 Scout Tower
13:59 Scout Tower
14:00 Scout Tower
14:00 Scout Tower
14:01 Scout Tower
14:01 Scout Tower
14:02 Scout Tower
14:02 Scout Tower
14:02 Scout Tower
14:03 Scout Tower
14:03 Scout Tower
14:04 Scout Tower
14:05 Scout Tower
14:05 Scout Tower
14:06 Scout Tower
15:39 Guard Tower
15:43 Guard Tower
16:30 Guard Tower
16:33 Guard Tower
17:43 Scout Tower
17:43 Scout Tower
17:44 Scout Tower
17:44 Scout Tower
17:45 Scout Tower
17:45 Scout Tower
17:46 Scout Tower
17:46 Scout Tower
17:47 Scout Tower
17:47 Scout Tower
17:48 Scout Tower
17:49 Scout Tower
17:49 Scout Tower
17:49 Scout Tower
17:50 Scout Tower
17:51 Scout Tower
17:51 Scout Tower
17:52 Scout Tower
17:52 Scout Tower
17:53 Scout Tower
17:54 Scout Tower
18:31 Guard Tower
19:04 Guard Tower
19:25 Guard Tower
19:30 Guard Tower
19:48 Guard Tower
21:42 Guard Tower
21:47 Guard Tower
22:09 Town Hall
22:13 Scout Tower
22:13 Scout Tower
22:14 Scout Tower
22:14 Scout Tower
22:15 Scout Tower
22:16 Scout Tower
22:17 Scout Tower
22:17 Scout Tower
22:17 Scout Tower
24:24 Guard Tower
29:03 Farm
37:14 Workshop
37:14 Workshop
37:15 Workshop
37:16 Workshop
37:17 Workshop
37:18 Workshop
39:09 Farm
39:20 Farm
39:21 Farm
39:21 Farm
39:22 Farm
39:22 Farm
39:23 Farm
44:56 Town Hall
44:58 Scout Tower
44:59 Scout Tower
44:59 Scout Tower
45:00 Scout Tower
45:01 Scout Tower
45:02 Scout Tower
45:02 Scout Tower
45:03 Scout Tower
45:03 Scout Tower
45:04 Scout Tower
45:04 Scout Tower
45:05 Scout Tower
45:06 Scout Tower
45:06 Scout Tower
45:31 Guard Tower
47:07 Guard Tower
47:21 Altar of Elders
47:23 Moon Well
47:23 Moon Well
47:24 Moon Well
47:24 Moon Well
47:25 Moon Well
47:25 Moon Well
53:18 Gryphon Aviary
53:19 Gryphon Aviary
53:19 Gryphon Aviary
53:20 Gryphon Aviary
64:06 Moon Well
64:06 Moon Well
64:07 Moon Well
65:56 Town Hall
65:59 Scout Tower
65:59 Scout Tower
66:00 Scout Tower
66:01 Scout Tower
66:02 Scout Tower
66:02 Scout Tower
66:03 Scout Tower
66:03 Scout Tower
66:03 Scout Tower
66:05 Scout Tower
66:10 Scout Tower
67:24 Guard Tower
70:40 Scout Tower
70:45 Scout Tower
70:46 Scout Tower
70:46 Scout Tower
70:50 Scout Tower
70:51 Scout Tower
70:55 Scout Tower
70:56 Scout Tower
71:27 Guard Tower
71:42 Guard Tower
71:45 Guard Tower
71:49 Town Hall
» items
| Scroll of Regeneration | 5 | |
| Boots of Speed | 1 | |
| Potion of Invisibility | 5 | |
| Staff of Teleportation | 1 | |
| Potion of Healing | 6 | |
| Potion of Mana | 3 | |
| Lesser Clarity Potion | 4 | |
| Scroll of Town Portal | 10 | |
35 total
yhack (
teal | 38 APM | 666 actions | 17:36)
2 Archmage
1 Summon Water Elemental
1 Brilliance Aura
» actions
| Assign group hotkey | 23 | |
| Build / train | 76 | |
| ESC pressed | 1 | |
| Enter build submenu | 23 | |
| Enter hero's abilities submenu | 2 | |
| Remove unit from queue | 1 | |
| Right click | 257 | |
| Select / deselect | 176 | |
| Select group hotkey | 25 | |
| Use ability | 82 | |
666 total
» units
» upgrades
| Masonry | 3 | |
| Lumber Harvesting | 2 | |
| Gunpowder | 3 | |
| Barrage | 1 | |
| Plating | 2 | |
11 total
» buildings
| Altar of Kings | 1 | |
| Farm | 12 | |
| Lumber Mill | 2 | |
| Scout Tower | 21 | |
| Arcane Vault | 2 | |
| Arcane Tower | 2 | |
| Town Hall | 2 | |
| Keep | 1 | |
| Guard Tower | 9 | |
| Blacksmith | 1 | |
| Workshop | 6 | |
| Castle | 1 | |
| Gryphon Aviary | 3 | |
63 total
» build order
00:10 Altar of Kings
00:25 Farm
00:25 Farm
01:30 Lumber Mill
01:49 Farm
01:55 Scout Tower
02:39 Arcane Vault
02:57 Arcane Tower
05:03 Town Hall
05:41 Scout Tower
05:42 Scout Tower
05:47 Scout Tower
05:47 Scout Tower
05:49 Scout Tower
05:51 Scout Tower
06:02 Keep
06:18 Guard Tower
06:46 Scout Tower
06:47 Scout Tower
06:49 Scout Tower
06:52 Scout Tower
07:08 Guard Tower
07:10 Guard Tower
07:16 Blacksmith
07:24 Guard Tower
07:50 Arcane Tower
08:54 Workshop
08:56 Workshop
09:04 Workshop
09:08 Workshop
09:14 Workshop
09:40 Farm
09:40 Farm
09:41 Farm
09:42 Farm
09:43 Farm
10:16 Guard Tower
11:09 Castle
11:34 Town Hall
11:45 Scout Tower
11:47 Scout Tower
11:58 Scout Tower
12:00 Scout Tower
12:05 Scout Tower
12:07 Scout Tower
12:07 Scout Tower
12:13 Scout Tower
12:17 Scout Tower
12:20 Scout Tower
13:00 Guard Tower
13:12 Guard Tower
13:35 Guard Tower
13:39 Guard Tower
13:49 Lumber Mill
15:16 Farm
15:17 Farm
15:17 Farm
15:22 Farm
15:45 Workshop
16:06 Arcane Vault
16:25 Gryphon Aviary
16:25 Gryphon Aviary
16:27 Gryphon Aviary
» items
| Scroll of Regeneration | 3 | |
| Ivory Tower | 9 | |
12 total
unit101 (
pink | 47 APM | 1830 actions | 38:44)
10 Demon Hunter
3 Immolation
3 Mana Burn
1 Metamorphosis
3 Evasion
» actions
| Basic commands | 11 | |
| Build / train | 117 | |
| Enter build submenu | 34 | |
| Enter hero's abilities submenu | 8 | |
| Give item / drop item | 2 | |
| Right click | 871 | |
| Select / deselect | 658 | |
| Use ability | 128 | |
1830 total
» units
| Wisp | 37 | |
| Dryad | 8 | |
| Druid of the Claw | 8 | |
| Hippogryph | 8 | |
| Dragonhawk Rider | 5 | |
| Mortar Team | 1 | |
67 total
» upgrades
| Reinforced Hides | 3 | |
| Strength of the Wild | 3 | |
| Abolish Magic | 2 | |
| Nature's Blessing | 1 | |
| Druid of the Claw Training | 2 | |
| Ultravision | 1 | |
| Well Spring | 1 | |
| Mark of the Claw | 1 | |
14 total
» buildings
| Altar of Elders | 2 | |
| Moon Well | 10 | |
| Hunter's Hall | 1 | |
| Tree of Ages | 3 | |
| Ancient of Wonders | 3 | |
| Tree of Life | 4 | |
| Tree of Eternity | 2 | |
| Ancient of Lore | 6 | |
| Ancient of Wind | 5 | |
| Keep | 1 | |
37 total
» build order
00:07 Altar of Elders
00:15 Moon Well
00:51 Moon Well
01:47 Hunter's Hall
03:33 Moon Well
03:38 Tree of Ages
04:03 Ancient of Wonders
04:34 Moon Well
05:38 Tree of Life
06:01 Tree of Eternity
06:07 Ancient of Lore
06:10 Ancient of Lore
06:16 Ancient of Lore
06:51 Moon Well
11:43 Moon Well
12:40 Ancient of Wind
12:47 Ancient of Wind
12:53 Ancient of Wind
13:04 Moon Well
18:05 Tree of Life
19:15 Tree of Ages
21:26 Moon Well
21:35 Ancient of Wonders
24:15 Tree of Life
25:28 Altar of Elders
25:57 Tree of Life
26:35 Moon Well
26:47 Keep
28:15 Tree of Eternity
29:56 Ancient of Lore
30:34 Ancient of Lore
30:39 Ancient of Lore
30:48 Ancient of Wind
30:52 Ancient of Wind
31:47 Moon Well
34:38 Tree of Ages
34:51 Ancient of Wonders
» items
| Potion of Healing | 5 | |
| Orb of Venom | 1 | |
| Scroll of Town Portal | 7 | |
| Scroll of Regeneration | 2 | |
| Lesser Clarity Potion | 1 | |
16 total
rookieboba (
blue | 56 APM | 2028 actions | 36:04)
8 Priestess of the Moon
3 Searing Arrows
3 Trueshot Aura
1 Starfall
1 Scout
3 Archmage
2 Brilliance Aura
1 Summon Water Elemental
» actions
| Assign group hotkey | 112 | |
| Basic commands | 395 | |
| Build / train | 138 | |
| ESC pressed | 5 | |
| Enter build submenu | 36 | |
| Enter hero's abilities submenu | 11 | |
| Right click | 249 | |
| Select / deselect | 439 | |
| Select group hotkey | 522 | |
| Use ability | 121 | |
2028 total
» units
| Wisp | 33 | |
| Huntress | 9 | |
| Mountain Giant | 18 | |
| Gryphon Rider | 2 | |
| Mortar Team | 43 | |
| Dragonhawk Rider | 5 | |
110 total
» upgrades
| Sentinel | 1 | |
| Strength of the Wild | 2 | |
| Reinforced Hides | 2 | |
5 total
» buildings
| Altar of Elders | 1 | |
| Moon Well | 15 | |
| Hunter's Hall | 2 | |
| Ancient of War | 2 | |
| Tree of Life | 4 | |
| Ancient Protector | 3 | |
| Tree of Ages | 1 | |
| Ancient of Wonders | 1 | |
| Ancient of Lore | 2 | |
| Farm | 5 | |
| Guard Tower | 1 | |
| Tree of Eternity | 1 | |
38 total
» build order
00:07 Altar of Elders
00:17 Moon Well
01:23 Moon Well
02:10 Moon Well
02:23 Hunter's Hall
02:50 Ancient of War
03:09 Ancient of War
03:51 Tree of Life
04:47 Ancient Protector
05:05 Moon Well
05:45 Tree of Ages
06:03 Ancient of Wonders
06:20 Moon Well
08:30 Ancient of Lore
08:32 Ancient of Lore
09:03 Ancient Protector
10:25 Moon Well
11:41 Moon Well
12:55 Moon Well
15:05 Ancient Protector
20:40 Farm
22:03 Guard Tower
24:27 Moon Well
24:30 Moon Well
24:45 Moon Well
24:55 Tree of Eternity
27:23 Moon Well
27:25 Moon Well
27:27 Moon Well
27:34 Tree of Life
28:40 Moon Well
28:56 Tree of Life
29:34 Hunter's Hall
33:01 Tree of Life
33:20 Farm
33:22 Farm
33:26 Farm
33:29 Farm
» items
| Scroll of Town Portal | 2 | |
| Potion of Healing | 1 | |
| Potion of Lesser Invulnerability | 2 | |
| Scroll of Healing | 1 | |
6 total
Chat log
(00:18 / Allies) rookieboba: hi
(00:21 / Allies) yhack: i
(00:22 / Allies) OldScratch: Hail
(01:11 / Allies) rookieboba: pink help me creep soon
(01:31 / All) prezobama: diablo 2 is awsome
(01:35 / Allies) rookieboba: purple real level ?
(01:46 / All) OldScratch: that isn't what your mother said
(01:50 / All) rookieboba: we now even play diablo 3
(01:51 / Allies) OldScratch: level 1
(02:01 / Allies) rookieboba: ok
(02:05 / Allies) rookieboba: teal real level ?
(02:13 / All) prezobama: have you played pac-man its bad ass
(02:26 / All) rookieboba: no dad
(03:16 / All) prezobama: pong is the shizit
(03:23 / Allies) rookieboba: thx
(03:49 / All) prezobama: adventure?
(04:17 / Allies) OldScratch: attack move with peons
(04:35 / All) prezobama: yes i am your father
(04:44 / All) prezobama: hows mom?
(05:06 / All) prezobama: dead?
(06:54 / Allies) rookieboba: pink come
(08:19 / Allies) rookieboba: b
(08:24 / All) OldScratch: you good
(08:25 / Allies) rookieboba: b
(09:45 / Allies) rookieboba: pink come
(09:50 / Allies) rookieboba: pink come sigh
(10:07 / All) evilspitfire: u fuckin are annoying me faggot
(11:05 / Allies) OldScratch: say
(11:06 / Allies) OldScratch: stay
(12:33 / All) OldScratch: going wyrms I see
(12:33 / Allies) rookieboba: teal give us money
(12:40 / 4) yhack: ty :)
(12:41 / Allies) rookieboba: you have 3500
(13:00 / Allies) rookieboba: pink come
(13:23 / All) OldScratch: stop stealing my zep bro
(13:35 / All) OldScratch: it's rude
(14:39 / Allies) rookieboba: teal you have 5000
(14:42 / Allies) rookieboba: give us money
(14:49 / Allies) rookieboba: purple you have 4000
(14:51 / Allies) rookieboba: give us money
(14:58 / Allies) rookieboba: thx
(15:17 / Allies) rookieboba: all tp
(15:20 / All) OldScratch: you big cheat
(15:24 / Allies) rookieboba: all
(15:39 / Allies) rookieboba: all
(15:43 / Allies) rookieboba: all tp
(15:46 / Allies) rookieboba: tp
(15:56 / Allies) rookieboba: tp idiot
(16:06 / Allies) rookieboba: IoI
(16:24 / All) rookieboba: sigh purple and teal has 200 towers each
(16:26 / All) rookieboba: real idiots
(16:44 / All) OldScratch: y you focus me
(17:23 / All) OldScratch: LOL
(17:36 / Allies) rookieboba: IoI
(25:22 / Allies) rookieboba: all tp
(28:31 / All) OldScratch: ruh roh
(28:44 / All) OldScratch: forgot I didn't have a tp
(29:26 / All) OldScratch: dfskjfdksja
(29:29 / Allies) rookieboba: all meet
(29:52 / Allies) rookieboba: purple give us moneyu
(29:56 / Allies) rookieboba: you have 12000 IoI
(30:09 / Allies) OldScratch: k
(30:11 / Allies) rookieboba: purple
(30:25 / Allies) rookieboba: all
(31:04 / Allies) rookieboba: all
(33:58 / Allies) rookieboba: purple move money to us
(34:02 / Allies) rookieboba: you still have 10000
(35:39 / Allies) rookieboba: purple give me 4000
(41:14 / All) OldScratch: lulz
(41:41 / All) evilspitfire: luls
(41:45 / All) evilspitfire: faggot
(45:46 / All) OldScratch: are you guys having fun like me?
(46:57 / All) OldScratch: disastrous
(62:55 / All) OldScratch: fucking oops
(63:02 / All) evilspitfire: eat shit cocksucker
(73:32 / All) OldScratch: hahaha